 Dungeon Crawl Stone Soup version 0.32-a0-938-g40ac7a0f4d (webtiles) character file.

Game seed: 2183273910203807238

310 zazu2006 the Chucker (level 6, 0/44 (51) HPs)
             Began as a Gnoll Wanderer on Apr 15, 2024.
             Slain by a wight
             ... wielding a +1 long sword
              (10 damage)
             ... in an ossuary.
             The game lasted 00:05:20 (975 turns).

zazu2006 the Chucker (Gnoll Wanderer)                Turns: 975, Time: 00:05:21

HP:   0/44 (51)     AC: 12    Str:  9 (10) XL:     6   Next: 41%
MP:   10/11         EV: 10    Int: 12 (15) God:
Gold: 31            SH:  0    Dex:  9 (11) Spells: 10/11 levels left

rFire   . . .        e - +1 rapier (protect)
rCold   . . .        (no shield)
rNeg    + . .        b - +2 leather armour {rN+}
rPois   .            (no helmet)
rElec   .            (no cloak)
rCorr   .            (no gloves)
SInv    .            (no boots)
Will    .....        f - amulet of regeneration
Stlth   ++           (no ring)
HPRegen 1.07/turn    (no ring)
MPRegen 0.12/turn

%: no passive effects
@: under a protective aura, heavily drained
A: fangs 1, strong nose, distributed training
a: no special abilities


You were in an ossuary.
You visited 1 branch of the dungeon, and saw 4 of its levels.
You also visited: Ossuary.

You collected 31 gold pieces.

Inventory:

Hand Weapons
 a - a +2 dagger
 c - a +4 hand axe
 e - a +1 rapier of protection (weapon)
Armour
 b - a +2 leather armour of positive energy (worn)
Jewellery
 f - an amulet of regeneration (around neck)
Scrolls
 d - a scroll of teleportation
 g - a scroll of fear {unknown}
 h - a scroll of amnesia {unknown}
 j - a scroll of identify {unknown}


   Skills:
 + Level 5.0 Fighting
 + Level 2.0 Short Blades
 + Level 2.0 Long Blades
 + Level 2.0 Axes
 + Level 2.0 Maces & Flails
 + Level 2.0 Polearms
 + Level 2.0 Staves
 + Level 2.0 Ranged Weapons
 + Level 6.8 Throwing
 + Level 5.0 Armour
 + Level 2.0 Dodging
 + Level 3.1 Stealth
 + Level 2.0 Shields
 + Level 2.0 Unarmed Combat
 + Level 3.4 Spellcasting
 + Level 2.6 Conjurations
 + Level 1.6 Hexes
 + Level 1.6 Summonings
 + Level 1.6 Necromancy
 + Level 1.6 Translocations
 + Level 1.6 Fire Magic
 + Level 1.6 Ice Magic
 + Level 1.6 Air Magic
 + Level 1.6 Earth Magic
 + Level 1.6 Alchemy
 + Level 2.2 Invocations
 + Level 2.0 Evocations
 + Level 1.8 Shapeshifting


You had 10 spell levels left.
You knew the following spells:

 Your Spells              Type           Power      Damage    Failure   Level
a - Magic Dart            Conj           32%        1d4       11%         1

Your spell library contained the following spells:

 Spells                   Type           Power      Damage    Failure   Level
 Dazzling Flash           Conj/Hex       14%        N/A       36%         3


Dungeon Overview and Level Annotations

Branches:
Dungeon (4/15)            Ossuary (1/1)
 Temple: D:4-7

Altars:
Yredelemnul
Beogh

Annotations:
D:3 3 runed translucent doors, LadyBoffin's ghost, weakling TeRe


Innate Abilities, Weirdness & Mutations

You have very sharp teeth.
Your uncanny sense of smell can sniff out nearby items.
Your experience applies equally to all skills.


Message History

The wight hits you with a +1 long sword.
You hit the wight but do no damage.
The wight is severely damaged.
The wight completely misses you.
You closely miss the wight.
The wight is severely damaged.
The wight hits you but does no damage.
You closely miss the wight.
The wight is severely damaged.
The wight closely misses you.
You hit the wight.
The wight is severely damaged.
The wight hits you with a +1 long sword!
* * * LOW HITPOINT WARNING * * *
You closely miss the wight. You bite the wight, but do no damage.
The wight is severely damaged.
The wight closely misses you.
You barely miss the wight.
The wight is severely damaged.
The wight hits you but does no damage.
You hit the wight.
The wight is almost destroyed.
The wight hits you but does no damage. x2
You closely miss the wight.
The wight is almost destroyed.
The wight barely misses you.
You barely miss the wight. You bite the wight, but do no damage.
The wight is almost destroyed.
The wight hits you with a +1 long sword.
You partially resist.
You feel drained.
You hit the wight but do no damage. Your bite misses the wight.
The wight is almost destroyed.
The wight hits you with a +1 long sword!
* * * LOW HITPOINT WARNING * * *
You partially resist.
You feel drained.
* * * LOW HITPOINT WARNING * * *
You closely miss the wight.
The wight is almost destroyed.
The wight hits you with a +1 long sword!
You die...

...# ## #..# ### z♣ ♣..
#.. .###. #♣#.. ###
#####'# ..... ...# #z#
#.....# .!!?..
#.#♣#######.♣.ß.# .!/?..#
#.'.....'.......♣
.!!?..#♣#.#♣#######.ß.♣.#
.......z@.# #z# #.....#
.###..#♣#..#### #####'#
♣z♣. ♣..# #.. # #..# ###
...# ..♣# ###


You could see a laughing skull and a wight.

Vanquished Creatures
  A human (D:3)
  A scorpion (D:3)
  2 wights (Ossuary)
  A jelly (D:3)
  An iguana (D:4)
  A mummy (D:4)
  A gnoll (D:4)
  An adder (D:4)
  2 adder skeletons (Ossuary)
  3 ribbon worms (D:1)
  An orc (D:4)
  6 bats
  An endoplasm (D:3)
  A giant cockroach (D:1)
  2 goblins (D:1)
  7 hobgoblins
  6 jackals
  A quokka (D:1)
  A ball python (D:2)
  A ball python skeleton (Ossuary)
  2 frilled lizards
  2 hobgoblin skeletons (Ossuary)
  2 hobgoblin zombies (D:4)
  3 kobolds
  2 kobold skeletons (Ossuary)
  A kobold zombie (D:3)
  3 rats
56 creatures vanquished.

Notes
Turn   | Place    | Note
-------+----------+-------------------------------------------
     0 | D:1      | zazu2006 the Gnoll Wanderer began the quest for the Orb.
     0 | D:1      | zazu2006 set off with the following items: a +2 dagger, 2
                  | curare-tipped darts, a +0 ring mail, a scroll of
                  | teleportation; and the following spell memorised: Magic
                  | Dart; and the following spells available to memorise:
                  | Dazzling Flash.
     0 | D:1      | Reached XP level 1. HP: 20/20 MP: 4/4
   132 | D:1      | Reached XP level 2. HP: 26/26 MP: 5/5
   262 | D:1      | Reached XP level 3. HP: 27/31 MP: 7/7
   433 | D:2      | Reached skill level 1 in Invocations
   529 | D:3      | Reached skill level 1 in Short Blades
   529 | D:3      | Reached skill level 1 in Long Blades
   529 | D:3      | Reached skill level 1 in Axes
   529 | D:3      | Reached skill level 1 in Maces & Flails
   529 | D:3      | Reached skill level 1 in Polearms
   529 | D:3      | Reached skill level 1 in Staves
   529 | D:3      | Reached skill level 1 in Ranged Weapons
   529 | D:3      | Reached skill level 1 in Dodging
   529 | D:3      | Reached skill level 1 in Shields
   529 | D:3      | Reached skill level 1 in Unarmed Combat
   529 | D:3      | Reached skill level 1 in Evocations
   529 | D:3      | Reached skill level 1 in Shapeshifting
   529 | D:3      | Reached XP level 4. HP: 35/38 MP: 8/8
   547 | D:3      | Found a runed translucent gate.
   548 | D:3      | Found a runed translucent door.
   548 | D:3      | Found a runed translucent gate.
   548 | D:3      | Noticed a human
   549 | D:3      | Found a runed translucent gate.
   551 | D:3      | Identified the +1 leather armour "Hulo Jie" {rPois Will+
                  | Str+3}
   551 | D:3      | Noticed LadyBoffin's ghost (weakling TeRe)
   555 | D:3      | Found a roughly hewn altar of Beogh.
   574 | D:3      | Found a basalt altar of Yredelemnul.
   575 | D:3      | Noticed a scorpion
   581 | D:3      | Killed a scorpion
   582 | D:3      | Reached skill level 1 in Hexes
   582 | D:3      | Reached skill level 1 in Summonings
   582 | D:3      | Reached skill level 1 in Necromancy
   582 | D:3      | Reached skill level 1 in Translocations
   582 | D:3      | Reached skill level 1 in Fire Magic
   582 | D:3      | Reached skill level 1 in Ice Magic
   582 | D:3      | Reached skill level 1 in Air Magic
   582 | D:3      | Reached skill level 1 in Earth Magic
   582 | D:3      | Reached skill level 1 in Alchemy
   582 | D:3      | Reached XP level 5. HP: 40/43 MP: 9/9
   616 | D:3      | Killed a human
   726 | D:4      | Found a sand-covered staircase.
   738 | Ossuary  | Entered an ossuary
   791 | Ossuary  | Reached XP level 6. HP: 47/50 MP: 9/11
   829 | Ossuary  | Reached skill level 5 in Fighting
   829 | Ossuary  | Reached skill level 5 in Armour
   918 | Ossuary  | Noticed a laughing skull
   925 | Ossuary  | Noticed a laughing skull
   928 | Ossuary  | Noticed a laughing skull
   975 | Ossuary  | Slain by a wight

Illustrated notes

Levels and vault maps discovered:
D:1:      lightli_arrival_lavapool, layout_basic
D:2:      layout_basic, minmay_misc_feat_pillars
D:3:      layout_rooms, dk_yredelemnul_ordeal, biasface_ghost_orc_armoury,
          grunt_decor_arrowhead, nicolae_grassy_gnolls
D:4:      kennysheep_goblin_castle, layout_cave_pools, general_overflow_altar,
          makhleb_heckhound_becter, minmay_temple_entry_statues,
          nicolae_ossuary_entry_giza, minivault_5, minivault_19
Ossuary:  ossuary_due_cavern

Skill      XL: |  1  2  3  4  5  6 |
---------------+-------------------+-----
Conjurations   | 2 |  2.6
Invocations    | 1 2 |  2.2
Short Blades   | 1 2 |  2.0
Long Blades    | 1 2 |  2.0
Axes           | 1 2 |  2.0
Maces & Flails | 1 2 |  2.0
Polearms       | 1 2 |  2.0
Staves         | 1 2 |  2.0
Ranged Weapons | 1 2 |  2.0
Dodging        | 1 2 |  2.0
Shields        | 1 2 |  2.0
Unarmed Combat | 1 2 |  2.0
Spellcasting   | 3 |  3.4
Evocations     | 1 2 |  2.0
Shapeshifting  | 1 |  1.8
Hexes          | 1 |  1.6
Summonings     | 1 |  1.6
Necromancy     | 1 |  1.6
Translocations | 1 |  1.6
Fire Magic     | 1 |  1.6
Ice Magic      | 1 |  1.6
Air Magic      | 1 |  1.6
Earth Magic    | 1 |  1.6
Alchemy        | 1 |  1.6
Stealth        | 3 |  3.1
Fighting       | 5 |  5.0
Armour         | 5 |  5.0
Throwing       | |  6.8

Action                     |  1- 3 |  4- 6 || total
---------------------------+-------+-------++-------
  Melee: Dagger            |   112 |       ||   112
         Bite              |    19 |    12 ||    31
         Rapier            |    37 |   141 ||   178
  Throw: Dart              |     2 |     3 ||     5
   Cast: Magic Dart        |    10 |     3 ||    13
    Use: Potion            |     2 |     2 ||     4
   Stab: Sleeping          |       |     4 ||     4
 Armour: Ring mail         |   124 |    68 ||   192
         Leather armour    |       |    29 ||    29
  Dodge: Dodged            |    95 |    67 ||   162

Table legend: (Time is in decaauts)
 A = Elapsed time spent in this place.
 B = Non-inter-level travel time spent in this place.
 C = Inter-level travel time spent in this place.
 D = Time resting spent in this place.
 E = Time spent auto-exploring this place.
 F = Levels seen in this place.
 G = Mean time per level.
                   A        B        C        D        E       F      G
               +--------+--------+--------+--------+--------+-----+--------+
         Total |    995 |    995 |      0 |      0 |    242 |   5 |  199.0 |
       Dungeon |    752 |    752 |      0 |      0 |    140 |   4 |  188.0 |
       Ossuary |    243 |    243 |      0 |      0 |    102 |   1 |  243.0 |
               +--------+--------+--------+--------+--------+-----+--------+

Top non-repeatable levels by time:
 Ossuary: 243 daAuts
     D:1: 227 daAuts
     D:2: 213 daAuts
     D:3: 207 daAuts
     D:4: 104 daAuts
